 Seeded DCSS version 0.30-a0-134-gb40fab5c76 (webtiles) character file.

Game seed: 17246712331252751712 (custom seed)

21324 wilfster70 the Warrior (level 12, -8/119 HPs)
             Began as a Minotaur Fighter on Sept 18, 2022.
             Was the Champion of Cheibriados.
             Mangled by Frances
             ... wielding a +5 vorpal glaive
              (22 damage)
             ... on level 13 of the Dungeon on Sept 19, 2022.
             The game lasted 00:26:30 (10310 turns).

wilfster70 the Warrior (Minotaur Fighter)          Turns: 10310, Time: 00:26:31

Health: -8/119     AC: 18    Str: 38    XL:     12   Next: 53%
Magic:  10/10      EV: 23    Int: 26    God:    Cheibriados [******]
Gold:   581        SH:  6    Dex: 26    Spells: 10/12 levels left

rFire   . . .      SeeInvis +    b - +7 demon trident (elec)
rCold   + + .      Faith    .    e - +0 buckler of the Circus Animal {rC+ Regen+ MP-9 Slay+3}
rNeg    . . .      Spirit   .    y - +0 plate armour
rPois   .          Reflect  .    t - +3 crown of Dyrovepreva {rElec Int+2 SInv}
rElec   +          Harm     .    (no cloak)
rCorr   .          Rampage  .    c - +2 pair of gloves of Wisdom {Str+2}
Will    .....                    (no boots)
Stlth   ..........               E - amulet of the acrobat
HPRegen 1.09/turn                M - ring of protection from cold
MPRegen 0.12/turn                (no ring)

@: marked, acrobatic, very slow
A: horns 2, retaliatory headbutt
a: Renounce Religion, Bend Time, Temporal Distortion, Slouch, Step From Time


You were on level 13 of the Dungeon.
You worshipped Cheibriados.
Cheibriados was exalted by your worship.
You visited 1 branch of the dungeon, and saw 13 of its levels.
You also visited: Sewer.

You collected 1033 gold pieces.
You spent 452 gold pieces at shops.

Inventory:

Hand Weapons
 a - a +3 trident of freezing
 b - a +7 demon trident of electrocution (weapon)
Missiles
 L - 9 curare-tipped darts (quivered)
Armour
 c - the +2 pair of gloves of Wisdom (worn) {Str+2}
   (You acquired it on level 1 of the Dungeon)

   Str:       It affects your strength (+2).
 e - the +0 buckler of the Circus Animal (worn) {rC+ Regen+ MP-9 Slay+3}
   (You acquired it on level 1 of the Dungeon)

   Slay:      It affects your accuracy & damage with ranged weapons and melee
   (+3).
   rC:        It protects you from cold.
   MP:        It affects your magic capacity (-9).
   Regen:     It increases your rate of health regeneration.
 t - the +3 crown of Dyrovepreva (worn) {rElec Int+2 SInv}
   (You found it on level 10 of the Dungeon)

   Int:       It affects your intelligence (+2).
   rElec:     It insulates you from electricity.
   SInv:      It lets you see invisible.
 y - a +0 plate armour (worn)
 H - a +0 kite shield
Jewellery
 E - an amulet of the acrobat (around neck)
 M - a ring of protection from cold (left hand)
Wands
 A - a wand of paralysis (1)
 B - a wand of flame (12)
 D - a wand of mindburst (2)
Scrolls
 f - 3 scrolls of blinking {unknown}
 g - 9 scrolls of teleportation {unknown}
 h - 4 scrolls of fog
 l - 3 scrolls of amnesia {unknown}
 m - 3 scrolls of poison
 u - 3 scrolls of summoning {unknown}
 v - 4 scrolls of magic mapping
 z - 2 scrolls of fear {unknown}
 F - a scroll of silence {unknown}
 J - a scroll of enchant armour {unknown}
Potions
 d - 3 potions of might
 i - a potion of magic
 j - 14 potions of curing
 k - 2 potions of cancellation
 n - a potion of brilliance
 o - 3 potions of lignification
 p - 5 potions of flight
 s - 2 potions of resistance
 w - 3 potions of invisibility
 x - 2 potions of heal wounds
 C - 2 potions of mutation


   Skills:
 + Level 15.1 Fighting
 - Level 14.0 Polearms
 - Level 5.8 Armour
 - Level 4.0 Shields
 + Level 0.9 Spellcasting
 + Level 1.0 Translocations
 - Level 11.7 Invocations


You had 10 spell levels left.
You knew the following spells:

 Your Spells              Type           Power      Damage    Failure   Level
a - Blink                 Tloc           12%        N/A       65%         2

Your spell library contained the following spells:

 Spells                   Type           Power      Damage    Failure   Level
 Beastly Appendage        Tmut           2%         N/A       67%         1
 Foxfire                  Conj/Fire      4%         2x1d4     67%         1
 Sandblast                Erth           2%         2d4       67%         1
 Passwall                 Tmut/Erth      0%         N/A       80%         2
 Wereblood                Tmut           1%         N/A       80%         2
 Lesser Beckoning         Tloc           6%         N/A       87%         3
 Kindle Blastsparks       Fire/Tloc/Air  6%         2d10      94%         3
 Inner Flame              Hex/Fire       1%         N/A       95%         3
 Spider Form              Tmut/Pois      1%         N/A       95%         3
 Stone Arrow              Conj/Erth      2%         3d7       95%         3
 Manifold Assault         Tloc           6%         N/A       99%         4
 Flame Wave               Conj/Fire      1%         2d4       100%        4


Dungeon Overview and Level Annotations

Branches:
Dungeon (13/15)            Temple (0/1) D:7            Lair (0/5) D:11
    Orc (0/2) D:11          Sewer (visited)
 Vaults: D:13-14

Altars:
Ashenzari
Cheibriados
Dithmenos
Elyvilon
Gozag
Hepliaklqana
Kikubaaqudgha
Makhleb
Nemelex Xobeh
Ru
Sif Muna
Trog
Wu Jian
The Shining One

Shops:
D:12 **!(

Portals:
Trove: D:10 (give +2 gold dragon scales)

Annotations:
D:3 1 exclusion
D:13 Frances


Innate Abilities, Weirdness & Mutations

You have a pair of horns on your head.
You reflexively headbutt those who attack you in melee.


Message History

Frances, Duchess of Pandemonium comes into view.
She is wielding a +5 vorpal glaive and wearing a +2 ring mail of willpower.
A cyclops comes into view.
Frances whispers indecipherable words.
Frances seems to speed up.
You impale the troll!! Lightning courses through the troll!
You headbutt the troll!
You kill the troll!
Cheibriados thoroughly appreciates the change of pace.
You reach to attack!
You puncture the cyclops! Lightning courses through the cyclops!!
The cyclops is severely wounded.
Frances mutters in a terrible tongue.
You reach to attack!
You hit the cyclops. Lightning courses through the cyclops!
You kill the cyclops!
Cheibriados thoroughly appreciates the change of pace.
Your Translocations skill increases to level 1!
Frances hits you from afar with a +5 vorpal glaive.
Frances hits you from afar with a +5 vorpal glaive!!
An acid dragon comes into view.
You block Frances's attack.
You see here a troll corpse.
You reach to attack!
You barely miss Frances.
Frances hits you from afar with a +5 vorpal glaive!
You block the red devil's attack.
You reach to attack!
You hit Frances. Lightning courses through Frances!
Frances is lightly wounded.
Frances hits you from afar with a +5 vorpal glaive!!
You are too injured to fight recklessly!
You are too injured to fight recklessly!
You are too injured to fight recklessly!
Frances screams a word of power!
The shard of ice hits you! You partially resist.
* * * LOW HITPOINT WARNING * * *
You feel much better. You block Frances's attack.
Frances hits you from afar with a +5 vorpal glaive!!
* * * LOW HITPOINT WARNING * * *
x2 Frances screams a word of power!
Frances hits you from afar with a +5 vorpal glaive!!
You die...

#########
........#
#<# #@#
#4# #@#
#4# D.#
#.4. #...
..##. ..
.


You could see Frances (fast), an orange demon (summoned), an ice devil
(summoned), a red devil (summoned) and an acid dragon.

Vanquished Creatures
  Josephine (D:10)
  A catoblepas (D:12)
  5 two-headed ogres
  A boulder beetle (D:12)
  Sonja (D:12)
  Lodul (D:12)
  An oklob plant (D:11)
  A manticore (D:11)
  2 ugly things
  2 cyclopes
  Joseph (D:7)
  3 gargoyles (D:12)
  4 kobold demonologists (D:11)
  A komodo dragon (D:11)
  Psyche (D:12)
  2 trolls
  2 hornets
  7 wraiths
  18 yaks
  2 steam dragons
  4 vampire mosquitoes (D:11)
  2 wargs (D:11)
  5 acid dragons
  4 water moccasins
  An ice beast (D:6)
  3 black bears
  4 orc warriors
  6 ogres (D:12)
  A centaur (D:10)
  5 kobold brigands
  A phantom (D:6)
  2 necrophages (D:5)
  4 bullfrogs
  A gnoll sergeant (D:8)
  A scorpion (D:5)
  4 wights (D:8)
  8 killer bees
  2 howler monkeys
  7 hounds
  2 jellies (D:6)
  7 orc priests
  A gnoll bouda (D:5)
  4 iguanas
  16 orc wizards
  9 gnolls (D:5)
  12 adders
  6 river rats
  A shadow imp (D:7)
  2 ufetubi
  3 worms
  4 dart slugs
  50 orcs
  6 ball pythons
  4 bats
  6 endoplasms
  8 giant cockroaches
  9 goblins
  5 hobgoblins
  3 quokkas
  A frilled lizard (D:2)
  15 kobolds
  5 rats
301 creatures vanquished.

Vanquished Creatures (others)
  3 plants (D:11)
3 creatures vanquished.

Grand Total: 304 creatures vanquished

Notes
Turn   | Place    | Note
-------+----------+-------------------------------------------
     0 | D:1      | wilfster70 the Minotaur Fighter began the quest for the
                  | Orb.
     0 | D:1      | Reached XP level 1. HP: 19/19 MP: 0/0
   261 | D:1      | Identified a scroll of acquirement
   261 | D:1      | Acquired the +0 buckler of the Circus Animal {rC+ Regen+
                  | MP-9 Slay+3}
   331 | D:1      | Acquired the +2 pair of gloves of Wisdom {Str+2}
   387 | D:1      | Reached XP level 2. HP: 27/27 MP: 0/1
  1003 | D:2      | Reached skill level 4 in Fighting
  1003 | D:2      | Reached XP level 3. HP: 33/33 MP: 0/2
  1251 | D:2      | Found a faded altar of an unknown god.
  1257 | D:2      | Prayed at the altar of an unknown god.
  1257 | D:2      | Became a worshipper of Cheibriados the Contemplative
  1257 | D:2      | Reached * piety under Cheibriados
  1534 | D:3      | Reached XP level 4. HP: 35/40 MP: 0/3
  1573 | D:3      | Found a glowing drain.
  1603 | Sewer    | Entered a sewer
  1649 | Sewer    | Acquired a +3 trident of freezing
  1687 | Sewer    | Reached XP level 5. HP: 43/47 MP: 0/4
  1707 | Sewer    | Reached ** piety under Cheibriados
  1735 | Sewer    | Reached skill level 5 in Polearms
  1820 | Sewer    | Reached skill level 5 in Armour
  1848 | Sewer    | Reached skill level 5 in Fighting
  1872 | Sewer    | Reached XP level 6. HP: 54/56 MP: 0/5
  2448 | D:3      | Reached *** piety under Cheibriados
  2512 | D:3      | Found an opulent altar of Gozag.
  2520 | D:3      | Found a burning altar of Makhleb.
  2579 | D:3      | Found a shimmering blue altar of Sif Muna.
  2588 | D:3      | Found an ancient bone altar of Kikubaaqudgha.
  2643 | D:3      | Found an ornate altar of the Wu Jian Council.
  2861 | D:4      | Found a sacrificial altar of Ru.
  2922 | D:4      | Reached XP level 7. HP: 62/62 MP: 0/6
  3017 | D:4      | Found a bloodstained altar of Trog.
  3368 | D:5      | Entered Level 5 of the Dungeon
  3381 | D:5      | Reached skill level 6 in Fighting
  3381 | D:5      | Reached skill level 1 in Invocations
  3619 | D:5      | Found a shadowy altar of Dithmenos.
  3796 | D:5      | Reached XP level 8. HP: 71/71 MP: 0/8
  3887 | D:5      | Reached **** piety under Cheibriados
  4109 | D:5      | Found a sparkling altar of Nemelex Xobeh.
  4384 | D:6      | Reached skill level 7 in Fighting
  4832 | D:6      | Reached skill level 10 in Polearms
  4891 | D:6      | Reached XP level 9. HP: 66/81 MP: 2/11
  5014 | D:6      | Learned a level 2 spell: Blink
  5120 | D:7      | Noticed Joseph
  5202 | D:7      | Reached ***** piety under Cheibriados
  5226 | D:7      | Reached skill level 8 in Fighting
  5231 | D:7      | Killed Joseph
  5597 | D:7      | Reached skill level 5 in Invocations
  5793 | D:7      | Found a staircase to the Ecumenical Temple.
  5986 | D:8      | Reached skill level 9 in Fighting
  6227 | D:8      | Found a broken altar of Ashenzari.
  6403 | D:8      | Found a faded altar of an unknown god.
  6403 | D:8      | Found a hazy altar of Hepliaklqana.
  6844 | D:9      | Found a white marble altar of Elyvilon.
  6900 | D:9      | Reached XP level 10. HP: 70/91 MP: 4/13
  7227 | D:9      | Found a glowing golden altar of the Shining One.
  7518 | D:10     | Entered Level 10 of the Dungeon
  7521 | D:10     | Noticed a cyclops
  7527 | D:10     | Killed a cyclops
  7532 | D:10     | Found the +3 crown of Dyrovepreva {rElec Int+2 SInv}
  7549 | D:10     | Reached skill level 10 in Fighting
  7581 | D:10     | Noticed Josephine
  7591 | D:10     | Killed Josephine
  7620 | D:10     | Reached skill level 11 in Fighting
  7729 | D:10     | Reached XP level 11. HP: 102/102 MP: 6/15
  7759 | D:10     | Found a portal to a secret trove of treasure.
  7800 | D:10     | Noticed a two-headed ogre
  7823 | D:10     | Killed a two-headed ogre
  7930 | D:10     | Upgraded the game from 0.30-a0-125-g51eefa89be to
                  | 0.30-a0-134-gb40fab5c76
  7950 | D:10     | Noticed a two-headed ogre
  7957 | D:10     | Killed a two-headed ogre
  8170 | D:10     | Reached skill level 12 in Fighting
  8255 | D:11     | Found a staircase to the Lair.
  8255 | D:11     | Noticed an oklob plant
  8261 | D:11     | Killed an oklob plant
  8261 | D:11     | Reached ****** piety under Cheibriados
  8436 | D:11     | Found a staircase to the Orcish Mines.
  8501 | D:11     | Noticed a two-headed ogre
  8502 | D:11     | Noticed a two-headed ogre
  8505 | D:11     | Killed a two-headed ogre
  8513 | D:11     | Killed a two-headed ogre
  8514 | D:11     | Reached skill level 13 in Fighting
  8523 | D:11     | Reached skill level 10 in Invocations
  8702 | D:11     | Noticed a white ugly thing
  8709 | D:11     | Killed a white ugly thing
  8938 | D:11     | Noticed a two-headed ogre
  8942 | D:11     | Killed a two-headed ogre
  9124 | D:11     | Reached XP level 12. HP: 116/116 MP: 9/18
  9267 | D:12     | Noticed Sonja
  9277 | D:12     | Killed Sonja
  9360 | D:12     | Reached skill level 14 in Fighting
  9445 | D:12     | Noticed Lodul
  9446 | D:12     | Noticed a catoblepas
  9456 | D:12     | Killed Lodul
  9458 | D:12     | Killed a catoblepas
  9507 | D:12     | Found Dusokoj's Assorted Antiques.
  9538 | D:12     | Noticed a boulder beetle
  9550 | D:12     | Killed a boulder beetle
  9662 | D:12     | Found Tiqear's Weapon Shop.
  9678 | D:12     | Found Oveakase's Distillery.
  9683 | D:12     | Bought a potion of curing for 48 gold pieces
  9683 | D:12     | Bought 2 potions of curing for 96 gold pieces
  9683 | D:12     | Bought a potion of invisibility for 128 gold pieces
  9714 | D:12     | Found Zauvanna's Assorted Antiques.
  9725 | D:12     | Bought a scroll labelled OPEEZI VE BUBO for 30 gold pieces
  9725 | D:12     | Bought a scroll labelled YSONTU TIMY for 30 gold pieces
  9725 | D:12     | Bought a scroll labelled XORCHU LAGROF for 30 gold pieces
  9725 | D:12     | Bought a scroll labelled XORCHU LAGROF for 30 gold pieces
  9725 | D:12     | Bought a scroll labelled JISKAPTOFIOB for 30 gold pieces
  9725 | D:12     | Bought a scroll labelled OPEEZI VE BUBO for 30 gold pieces
 10096 | D:12     | Noticed Psyche
 10101 | D:12     | Killed Psyche
 10300 | D:13     | Reached skill level 15 in Fighting
 10300 | D:13     | Noticed Frances
 10305 | D:13     | Reached skill level 1 in Translocations
 10310 | D:13     | Mangled by Frances

Illustrated notes

Levels and vault maps discovered:
D:1:      evilmike_arrival_plus, layout_rooms
D:2:      minmay_evil_eye, layout_loops_ring, ebering_ecumenical_altar_box
D:3:      layout_basic, palyth_temple_overflow_mages, nzn_wu_jian_contemplation,
          amethyst_overflow_temple_binary, portal_sewer_entry_c
D:4:      layout_basic, trog_book, nicolae_ru_great_annihilating_truth
D:5:      layout_loops_ring, nicolae_dithmenos_the_darkroom,
          overflow_temple_1_default
D:6:      layout_basic
D:7:      layout_loops_ring, minmay_temple_entry_poolview, uniq_joseph
D:8:      layout_loops_ring, mainiacjoe_overflow_cross_hatched,
          beargit_hepliaklqana_dungeon_heroes, grunt_ministairs_7,
          dk_noncrumbling_4
D:9:      layout_roguey, mainiacjoe_overflow_paths,
          nicolae_elyvilon_peaceful_grove
D:10:     layout_basic, nicolae_trove_entry_crossroad, pond, uniq_josephine
D:11:     layout_basic, dpeg_oklobed_lair, erik_orc_3
D:12:     layout_irregular_city, serial_shops, nicolae_shop_advertising_works
          [nicolae_subvault_shop_adworks], nicolae_shop_bloodbath_and_beyond,
          nicolae_shop_trees, nicolae_square_shop, uniq_psyche, uniq_sonja,
          uniq_lodul
D:13:     layout_loops_ring, uniq_frances

Skill      XL: |  1  2  3  4  5  6  7  8  9 10 11 12 |
---------------+-------------------------------------+-----
Polearms       | 3 4 5 6 8 10 12 14 | 14.0
Fighting       | 4 5 6 7 9 11 13 15 | 15.1
Armour         | 4 5 |  5.8
Shields        | 4 |  4.0
Invocations    | 2 4 5 7 10 11 | 11.7
Translocations | 1 |  1.0
Spellcasting   | |  0.9

Action                   |  1- 3 |  4- 6 |  7- 9 | 10-12 || total
-------------------------+-------+-------+-------+-------++-------
Melee: Trident           |    54 |   122 |   205 |   156 ||   537
       Headbutt          |     7 |    12 |    31 |    71 ||   121
       Demon trident     |       |       |       |   135 ||   135
Evoke: Wand              |       |       |       |     7 ||     7
  Use: Scroll            |     2 |     1 |     7 |    15 ||    25
       Potion            |       |       |       |     1 ||     1
 Stab: Paralysed         |       |     1 |       |     3 ||     4
       Distracted        |       |       |       |     1 ||     1
Armor: Scale mail        |    28 |    33 |       |       ||    61
       Plate armour      |       |    18 |   104 |    55 ||   177
Dodge: Dodged            |    24 |    26 |    64 |   124 ||   238
Block: Buckler           |    12 |    26 |    48 |    56 ||   142

Table legend: (Time is in decaauts)
 A = Elapsed time spent in this place.
 B = Non-inter-level travel time spent in this place.
 C = Inter-level travel time spent in this place.
 D = Time resting spent in this place.
 E = Time spent auto-exploring this place.
 F = Levels seen in this place.
 G = Mean time per level.
                   A        B        C        D        E       F      G
               +--------+--------+--------+--------+--------+-----+--------+
         Total |  16063 |  15574 |    489 |   1124 |   7977 |  14 | 1147.4 |
       Dungeon |  15463 |  14974 |    489 |   1004 |   7904 |  13 | 1189.5 |
         Sewer |    599 |    599 |      0 |    120 |     73 |   1 |  599.0 |
               +--------+--------+--------+--------+--------+-----+--------+

Top non-repeatable levels by time:
    D:11: 1996 daAuts
    D:12: 1745 daAuts
     D:8: 1572 daAuts
     D:5: 1439 daAuts
     D:3: 1394 daAuts
     D:7: 1329 daAuts
     D:9: 1248 daAuts
     D:6: 1168 daAuts
    D:10: 1133 daAuts
     D:1: 888 daAuts
     D:4: 826 daAuts
     D:2: 704 daAuts
   Sewer: 599 daAuts
    D:13: 15 daAuts
